AoeStats
← Jarothi

MegaRandom

509792030Analyzed
3v3 RM · 4d ago on Sep 28, 2026· 64m 38s· 6 players
Game mode
Random Map
Map size
Normal (6 player)
Population
200
Speed
Normal
Resources
Standard
Victory
Conquest
Starting age
Dark Age
Ending age
Imperial Age
RankedLock teamsTeams togetherTeam positionsShared explorationLock speedFull tech treeHidden civsTurbo modeCheats
Victory
Defeat
🇧🇷 Tupi · Brazil
1081
+15
🇧🇷 Varangians · Brazil
1023
+17
🇧🇷 Burgundians · Brazil
1019
+17
🇨🇴 Franks · Colombia
1063
-17
🇨🇴 Koreans · Colombia
1055
-17
🇨🇴 Varangians · Colombia
1021
-15
wagner
0:29 Loom
8:25 Double-Bit Axe
12:27 Feudal Age
15:27 Horse Collar
20:04 Castle Age
18:42 Forging
18:37 Scale Barding Armor
21:37 Iron Casting
21:25 Chain Barding Armor
22:34 Cavalier
23:17 Husbandry
26:58 Gold Mining
29:45 Heavy Plow
32:36 Gold Shaft Mining
31:51 Stone Mining
31:52 Light Cavalry
32:30 Fletching
32:40 Padded Archer Armor
36:42 Imperial Age
36:20 Elite Skirmisher
37:24 Ballistics
37:03 Bodkin Arrow
37:45 Leather Archer Armor
38:32 Blast Furnace
38:07 Plate Barding Armor
36:58 Hussar
39:01 Conscription
40:13 Wheelbarrow
39:23 Town Watch
40:58 Chemistry
42:37 Paladin
44:13 Crop Rotation
44:01 Hand Cart
43:47 Town Patrol
53:28 Bracer
FSENRA
1:02 Loom
10:18 Feudal Age
10:43 Double-Bit Axe
16:24 Castle Age
14:43 Stone Mining
16:04 Gold Mining
15:58 Horse Collar
16:46 Fletching
24:13 Pikeman
25:53 Ballistics
25:47 Padded Archer Armor
35:53 Wheelbarrow
40:04 Imperial Age
38:33 Bodkin Arrow
40:52 Bracer
42:38 Elite Blackwood Archer
43:51 Bow Saw
44:17 Gold Shaft Mining
44:22 Conscription
44:19 Leather Archer Armor
45:07 Chemistry
44:50 Town Watch
45:28 Curare
46:12 Ring Archer Armor
46:21 Forging
46:11 Scale Mail Armor
52:04 Murder Holes
59:58 Caravan
61:31 Elite Skirmisher
SENR4
4:55 Loom
10:42 Feudal Age
15:48 Castle Age
17:24 Scale Barding Armor
17:30 Forging
17:10 Double-Bit Axe
17:07 Horse Collar
20:14 Husbandry
24:26 Fervor
28:14 Wheelbarrow
34:48 Imperial Age
32:37 Gold Mining
32:37 Stone Mining
33:27 Ballistics
34:07 Chain Barding Armor
35:17 Iron Casting
38:00 Vendel Legacy
39:01 Conscription
39:47 Fletching
42:02 Elite Jarl
44:24 Plate Barding Armor
45:57 Blast Furnace
46:21 Bodkin Arrow
47:25 Bracer
48:46 Caravan
50:58 Bloodlines
50:09 Light Cavalry
53:03 Hussar
Slayer
7:06 Loom
10:06 Feudal Age
15:43 Castle Age
14:15 Double-Bit Axe
19:03 Wheelbarrow
23:00 Gold Mining
26:30 Imperial Age
23:47 Town Watch
25:07 Gold Shaft Mining
24:38 Scale Mail Armor
25:49 Forging
25:55 Chain Mail Armor
28:16 Fletching
30:03 Bodkin Arrow
32:21 Ballistics
34:58 Iron Casting
36:08 Murder Holes
36:24 Masonry
37:56 Plate Mail Armor
43:04 Cavalier
43:44 Husbandry
44:53 Scale Barding Armor
46:17 Chain Barding Armor
46:36 Chivalry
49:35 Blast Furnace
51:43 Plate Barding Armor
52:59 Conscription
53:25 Heavy Scorpion
55:10 Hand Cart
64:08 Chemistry
RTMatutino
1:06 Loom
12:39 Feudal Age
13:40 Double-Bit Axe
16:49 Wheelbarrow
16:09 Horse Collar
20:39 Castle Age
20:33 Fletching
21:38 Forging
21:31 Bodkin Arrow
22:55 Crossbowman
27:51 Ballistics
29:22 Heavy Plow
29:45 Fortified Wall
29:18 Treadmill Crane
29:51 Stone Mining
34:48 Thumb Ring
34:57 Masonry
36:13 Hand Cart
36:24 Murder Holes
40:29 Imperial Age
38:38 Eupseong
40:21 Caravan
42:26 Chemistry
41:32 Siege Engineers
42:56 Bracer
43:08 Forging
42:59 Scale Mail Armor
44:29 Architecture
43:57 Arrowslits
45:30 Iron Casting
45:22 Fervor
45:08 Arbalester
46:09 Town Watch
47:07 Town Patrol
48:10 Stone Shaft Mining
48:54 Chain Mail Armor
52:13 Scale Barding Armor
53:57 Conscription
53:32 Light Cavalry
54:15 Husbandry
57:44 Hussar
Jarothi
7:23 Loom
10:39 Feudal Age
10:48 Feudal Age
15:37 Castle Age
16:08 Wheelbarrow
16:40 Scale Barding Armor
16:48 Forging
16:29 Double-Bit Axe
16:26 Horse Collar
21:54 Bow Saw
21:46 Heavy Plow
28:01 Chain Barding Armor
28:17 Iron Casting
32:45 Imperial Age
30:14 Fletching
32:43 Bloodlines
32:36 Husbandry
35:11 Plate Barding Armor
35:37 Blast Furnace
35:55 Conscription
36:23 Treadmill Crane
36:53 Gold Mining
37:11 Elite Jarl
39:14 Ballistics
38:51 Bodkin Arrow
48:40 Caravan
50:23 Elite Varangian Guard
51:04 Squires
51:06 Scale Mail Armor
54:11 Chain Mail Armor
53:17 Gothikon
56:57 Plate Mail Armor
56:36 Pikeman
57:36 Halberdier
59:27 Bracer
60:29 Chemistry
Connection lost

Rejoining the realm…

Still unreachable

The connection could not be restored.

Session expired

The server has moved on; the page needs a fresh start.